[Event "Morphy"]
[Site "Gatineau CAN"]
[Date "2025.02.11"]
[Round "5"]
[White "Arsenault, Michel"]
[Black "Lattafi, Youcef"]
[Result "0-1"]
[ECO "A20"]
[WhiteElo "1837"]
[BlackElo "1862"]
[WhiteFideId "-1"]
[WhiteFideId "-1"]
[PlyCount "100"]
[GameId "2145692553323179"]
[EventDate "2025.01.14"]
[EventType "swiss"]
[EventRounds "7"]
[EventCountry "CAN"]
[WhiteTeam "CA"]
[TimeControl "1"]

1. c4 e5 2. g3 h5 $5 3. Bg2 h4 4. g4 Bc5 5. Nc3 Nc6 6. e3 Nb4 7. d3 a5 8. a3 Na6 9. h3 c6 10. Nge2 d6 11. d4 Bb6 12. b4 Nc7 13. dxe5 dxe5 14. Qxd8+ Kxd8 15. c5 Ba7 16. Bb2 Nf6 17. O-O Ke7 18. f4 Be6 19. g5 Nd7 20. Rad1 f6 21. gxf6+ gxf6 22. Ne4 Rhg8 23. Kh1 Nd5 24. f5 Bf7 25. Rd3 axb4 26. axb4 Bb8 27. Ra1 Rxa1+ 28. Bxa1 Bc7 29. N2c3 Ra8 30. Bb2 Nxb4 31. Rd2 Nd5 32. Nd6 Nxc3 33. Nxf7 Nxc5 34. Bxc3 Kxf7 35. Bf3 Ke7 36. Bb4 Ra1+ 37. Kg2 Bd6 38. Rb2 Ra7 39. Rc2 Ne4 40. Rc4 Bxb4 41. Rxb4 Nd6 42. Rxh4 Nxf5 43. Rh7+ Kd6 44. e4 Ra2+ 45. Kg1 Nd4 46. Bg4 b5 47. Rf7 b4 48. Rxf6+ Kc5 49. Rf1 b3 50. Rc1+ Kb4 0-1

[Event "Morphy"]
[Site "Gatineau CAN"]
[Date "2025.02.11"]
[Round "5"]
[White "Perrier, Vincent"]
[Black "Morel, Joseph"]
[Result "1/2-1/2"]
[ECO "D40"]
[WhiteElo "1240"]
[BlackElo "1691"]
[WhiteFideId "-1"]
[WhiteFideId "-1"]
[PlyCount "68"]
[GameId "2144845640860564"]
[EventDate "2025.01.14"]
[EventType "swiss"]
[EventRounds "7"]
[EventCountry "CAN"]
[TimeControl "90+30"]

1. e4 c5 2. Nf3 Nc6 3. c3 d5 4. exd5 Qxd5 5. d4 cxd4 6. cxd4 e6 7. a3 Nf6 8. Nc3 Qa5 9. Bc4 Be7 10. O-O O-O 11. Re1 Rd8 12. Be3 Ng4 13. Qe2 Qh5 14. h3 Nxe3 15. Qxe3 a6 16. Rad1 Bf6 17. d5 Na5 18. Ba2 b5 19. dxe6 Bxe6 20. Bxe6 fxe6 21. Qxe6+ Kh8 22. Rxd8+ Rxd8 23. Ne5 Bxe5 24. Rxe5 Qg6 25. Qxg6 hxg6 26. Re6 Nc4 27. b3 Nxa3 28. Rxa6 b4 29. Na2 Rd3 30. Nxb4 Rxb3 31. Nd5 Kh7 32. Ne7 Nc4 33. Nxg6 Nd2 34. Nf4 Rb1+ $3 1/2-1/2

[Event "Morphy"]
[Site "Gatineau CAN"]
[Date "2025.02.25"]
[Round "7"]
[White "Thompson, Francis"]
[Black "Scantland, Patrick"]
[Result "1-0"]
[ECO "E67"]
[WhiteElo "1777"]
[BlackElo "1635"]
[WhiteFideId "-1"]
[WhiteFideId "-1"]
[PlyCount "71"]
[GameId "2149659238404195"]
[EventDate "2025.01.14"]
[EventType "swiss"]
[EventRounds "7"]
[EventCountry "CAN"]
[TimeControl "1"]

1. Nf3 Nf6 2. c4 g6 3. Nc3 Bg7 4. g3 d6 5. d4 O-O 6. Bg2 Nbd7 7. O-O c6 8. Qb3 $6 e5 9. Rd1 Qe7 10. Qa3 Re8 $6 11. b3 $6 h6 $6 12. dxe5 dxe5 13. e4 $6 Nc5 14. Ne1 Bg4 15. f3 Be6 16. Be3 Ncd7 $6 17. Qc1 $6 Kh7 $6 18. Nd3 b6 19. a4 a5 20. Qc2 Nh5 21. Rac1 f5 22. Ne2 fxe4 23. fxe4 Bg4 24. c5 bxc5 25. Nxc5 Nxc5 26. Bxc5 Qb7 27. Rd3 Rad8 28. Rcd1 Rxd3 29. Rxd3 Qf7 $6 30. h3 Be6 31. Rf3 $6 Qd7 32. Kh2 Nf6 33. Nc1 Rb8 34. Rc3 Qf7 35. Bd6 Nh5 $4 36. Bxb8 1-0

[Event "Morphy B"]
[Site "Gatineau CAN"]
[Date "2025.01.14"]
[Round "1"]
[White "Chenard, Paul"]
[Black "Ghanbari, Sepehr"]
[Result "0-1"]
[ECO "C47"]
[WhiteElo "972"]
[BlackElo "1136"]
[WhiteFideId "-1"]
[WhiteFideId "-1"]
[PlyCount "150"]
[GameId "2136988882833529"]
[EventDate "2025.01.14"]
[EventType "swiss"]
[EventRounds "7"]
[EventCountry "CAN"]
[TimeControl "60/30:0"]

1. Nf3 Nc6 2. e4 e5 3. Nc3 Nf6 4. Bd3 d5 5. Qe2 Bg4 6. Qe3 Bxf3 7. Qxf3 Nd4 8. Qe3 dxe4 9. Nxe4 Nxe4 10. Qxe4 Nc6 11. O-O Bc5 12. c3 a5 13. Bb5 Qf6 14. d4 Be7 15. dxe5 Qe6 16. Bc4 Qg6 17. Qe2 Nd8 18. Bd3 Qe6 19. Be4 f6 20. Qb5+ c6 21. Qb6 fxe5 22. Be3 Ra6 23. Qc7 Qd6 24. Qc8 O-O 25. Qh3 g6 26. Rad1 Qe6 27. g4 Nf7 28. b3 Bg5 29. Bc5 Re8 30. Bd3 Raa8 31. Bc4 Qf6 32. Rd7 Rf8 33. Be7 Qg7 34. Bxg5 b5 35. Be6 Rae8 36. Bh6 Qf6 37. Bxf7+ Rxf7 38. Rd3 g5 39. Rf3 Qg6 40. Bxg5 Rxf3 41. Qxf3 Qxg5 42. h3 e4 43. Qg3 Rf8 44. h4 Qf4 45. Qg2 Qf3 46. Qh2 Qxg4+ 47. Kh1 Qf3+ 48. Qg2+ Qxg2+ 49. Kxg2 Rf3 50. Re1 Rxc3 51. Rxe4 c5 52. Rg4+ Kh8 53. Re4 c4 54. Re8+ Kg7 55. Re7+ Kg6 56. Re5 cxb3 57. h5+ Kh6 58. Rxb5 a4 59. a3 Rc1 60. Kg3 Ra1 61. Rc5 b2 62. Rb5 b1=Q 63. Rxb1 Rxb1 64. Kg4 Rb3 65. f4 Rxa3 66. f5 Rb3 67. f6 Rb8 68. Kf5 a3 69. f7 a2 70. Ke6 Kg7 71. h6+ Kxh6 72. Ke7 Kg7 73. Ke6 Rf8 74. Ke7 Rxf7+ 75. Ke6 a1=Q 0-1

[Event "Morphy B"]
[Site "Gatineau CAN"]
[Date "2025.02.04"]
[Round "4"]
[White "Dubois, Simon"]
[Black "Perrier, Vincent"]
[Result "0-1"]
[ECO "B23"]
[WhiteElo "1244"]
[BlackElo "1240"]
[WhiteFideId "-1"]
[WhiteFideId "-1"]
[PlyCount "96"]
[GameId "2143845680812887"]
[EventDate "2025.01.14"]
[EventType "swiss"]
[EventRounds "7"]
[EventCountry "CAN"]
[TimeControl "60+30"]

1. e4 c5 2. Nc3 Nc6 3. Bb5 Qc7 4. Bxc6 Qxc6 5. d4 cxd4 6. Qxd4 Nf6 7. Bd2 e6 8. O-O-O Bc5 9. Qd3 Ng4 10. Nh3 Bxf2 11. Qf3 Ne5 12. Qxf2 b5 13. Qd4 d6 14. Nf2 O-O 15. Rhe1 a5 16. Nd3 Nc4 17. h4 Ba6 18. h5 h6 19. g4 Nxd2 20. Rxd2 f6 21. Rf2 Rfc8 22. e5 b4 23. exf6 bxc3 24. bxc3 e5 25. Qe3 Qxc3 26. Qe4 Qxd3 27. f7+ Kf8 28. Qxd3 Bxd3 29. Kd1 Bc4 30. g5 hxg5 31. Rg1 Bxf7 32. Rxg5 Rc4 33. Rg6 d5 34. h6 gxh6 35. Rxh6 Ke7 36. Rh7 Rf4 37. Re2 Ke6 38. Kc1 Rg8 39. Kb2 e4 40. Kb3 Be8 41. Kc3 Rg3+ 42. Kd4 e3+ 43. Kd3 Bg6+ 44. Kc3 Bxh7 45. Kb3 Rf2 46. Rxe3+ Rxe3+ 47. Kb2 Rxc2+ 48. Ka1 Re1# 0-1

[Event "Morphy B"]
[Site "Gatineau CAN"]
[Date "2025.02.25"]
[Round "7"]
[White "Perrier, Vincent"]
[Black "Falardeau, Alexandre"]
[Result "1-0"]
[ECO "C47"]
[WhiteElo "1240"]
[BlackElo "1192"]
[WhiteFideId "-1"]
[WhiteFideId "-1"]
[PlyCount "111"]
[GameId "2149659239907429"]
[EventDate "2025.01.14"]
[EventType "swiss"]
[EventRounds "7"]
[EventCountry "CAN"]
[TimeControl "60+30"]

1. e4 e5 2. Nf3 Nc6 3. Nc3 Nf6 4. d4 exd4 5. Nxd4 Be7 6. Nxc6 dxc6 7. Qxd8+ Bxd8 8. Bg5 O-O 9. O-O-O Be6 10. h3 Re8 11. f4 g6 12. g4 Be7 13. f5 Bc8 14. e5 Nd7 15. Bxe7 Rxe7 16. e6 fxe6 17. fxe6 Nb6 18. a4 Bxe6 19. Bd3 Nd5 20. Ne4 Nb4 21. Rhe1 Bd5 22. Nf6+ Kf7 23. Rxe7+ Kxe7 24. Nxh7 Rh8 25. Bxg6 Bg2 26. h4 Bf3 27. Re1+ Kd6 28. Bf5 Bxg4 29. Re6+ Kd5 30. Nf6+ Kc5 31. Nxg4 Rxh4 32. Re5+ Kb6 33. Ne3 Rh1+ 34. Kd2 Rh2+ 35. Kc3 Na2+ 36. Kb3 Nc1+ 37. Kb4 a5+ 38. Kc3 Ne2+ 39. Kc4 Rh4+ 40. Re4 Rh5 41. Kd3 Ng3 42. Re5 Rh6 43. Nc4+ Ka7 44. Rxa5+ Kb8 45. b4 Rh8 46. Be4 Rd8+ 47. Ke3 Re8 48. Nd2 Rh8 49. b5 b6 50. Ra6 Nxe4 51. Nxe4 Rd8 52. bxc6 Re8 53. a5 b5 54. Kd4 Rxe4+ 55. Kxe4 Kc8 56. Ra8# 1-0

[Event "Ste-Foy 1 2025-26"]
[Site "Ste-Foy CAN"]
[Date "2025.09.16"]
[Round "1"]
[White "Blais, Pierre-Luc"]
[Black "Taran, Maksim"]
[Result "1-0"]
[ECO "D32"]
[WhiteElo "1446"]
[BlackElo "989"]
[WhiteFideId "-1"]
[WhiteFideId "-1"]
[PlyCount "99"]
[GameId "2223206382493971"]
[EventDate "2025.09.15"]
[EventType "swiss"]
[EventRounds "5"]
[EventCountry "CAN"]
[TimeControl "5400+30"]

1. d4 e6 2. c4 d5 3. Nf3 c5 4. cxd5 exd5 5. Nc3 Nc6 6. Bf4 Bd6 7. Nxd5 cxd4 8. Bd2 Be6 9. Nf4 Bxf4 10. Bxf4 Nf6 11. e3 dxe3 12. Bxe3 O-O 13. Be2 Qd5 14. O-O Rad8 15. Qxd5 Rxd5 16. Bc4 Rd6 17. Bc5 Rfd8 18. Bxd6 Bxc4 19. Rfc1 Rxd6 20. Rxc4 b5 21. Rc5 a6 22. Ne5 Ne7 23. Rac1 Kf8 24. Rc7 Re6 25. Nd7+ Nxd7 26. Rxd7 Ke8 27. Rcd1 f6 28. Kf1 Kf7 29. Re1 Rxe1+ 30. Kxe1 Ke6 31. Ra7 Nf5 32. Rxa6+ Kf7 33. Rb6 Nh4 34. Kf1 Kg6 35. Rxb5 h6 36. a4 Nf5 37. a5 Kh5 38. Rxf5+ Kg4 39. Rf3 g5 40. a6 f5 41. h3+ Kh4 42. Rxf5 Kh5 43. a7 Kg6 44. Ra5 Kh5 45. a8=Q Kg6 46. Qf3 Kh7 47. Qf5+ Kg7 48. Ra7+ Kg8 49. Qg6+ Kf8 50. Qf7# 1-0

[Event "Ste-Foy 1 2025-26"]
[Site "Ste-Foy CAN"]
[Date "2025.09.22"]
[Round "2"]
[White "Fleury, Dominic"]
[Black "Chouinard, Etienne"]
[Result "0-1"]
[ECO "D02"]
[WhiteElo "1344"]
[BlackElo "1873"]
[WhiteFideId "-1"]
[WhiteFideId "-1"]
[PlyCount "52"]
[GameId "2226052147482007"]
[EventDate "2025.09.15"]
[EventType "swiss"]
[EventRounds "5"]
[EventCountry "CAN"]
[TimeControl "5400+30"]

1. d4 d5 2. Nf3 Nf6 3. Bf4 e6 4. e3 c5 5. c3 Nc6 6. Bd3 cxd4 7. cxd4 Bd7 8. O-O Rc8 9. Nc3 a6 10. a3 Be7 11. Rc1 Nh5 12. Ne2 Nxf4 13. Nxf4 h5 14. e4 g5 15. exd5 gxf4 16. dxc6 Bxc6 17. Be2 Rg8 18. Ne5 Bxg2 19. Bxh5 Bf3+ 20. Bg4 Bxd1 21. Rfxd1 f6 22. Kf1 fxe5 23. Bxe6 Rxc1 24. Rxc1 Rg6 25. Rc8 Rxe6 26. Rxd8+ Kxd8 0-1

[Event "Ste-Foy 1 2025-26"]
[Site "Ste-Foy CAN"]
[Date "2025.09.22"]
[Round "2"]
[White "Houde, Louis-Thomas"]
[Black "Dessureault, Sylvain"]
[Result "1-0"]
[ECO "C01"]
[WhiteElo "1493"]
[BlackElo "1114"]
[WhiteFideId "-1"]
[WhiteFideId "-1"]
[PlyCount "93"]
[GameId "2226052262333859"]
[EventDate "2025.09.15"]
[EventType "swiss"]
[EventRounds "5"]
[EventCountry "CAN"]
[TimeControl "5400+30"]

1. e4 e6 2. d4 d5 3. exd5 exd5 4. Nf3 Nf6 5. Bd3 Be6 6. O-O Bd6 7. Bg5 Nbd7 8. Re1 O-O 9. Ne5 Be7 10. Nxd7 Qxd7 11. h3 h6 12. Bf4 c5 13. dxc5 Bxc5 14. Be3 Bd6 15. a4 Bf5 16. Nc3 Bb4 17. Bxf5 Qxf5 18. Bd2 Bc5 19. Rf1 Rfd8 20. Ne2 d4 21. Ng3 Qg6 22. b4 Bb6 23. Ra2 Rac8 24. Qb1 Bc7 25. Ne2 Qe4 26. Re1 Qf5 27. Qb2 Qd7 28. Rd1 Ne4 29. Be1 Be5 30. Ra3 Qe6 31. Nxd4 Bxd4 32. Rxd4 Rxd4 33. Qxd4 Nd6 34. Bc3 Nf5 35. Qd2 Ne7 36. Ra1 Qc4 37. Re1 Nd5 38. Bd4 Qxb4 39. Qxb4 Nxb4 40. Bxa7 Rxc2 41. a5 Ra2 42. Bd4 Rxa5 43. Bc3 Ra4 44. Re4 Nd5 45. Rxa4 Nxc3 46. Rb4 b5 47. Rb3 1-0

[Event "Ste-Foy 1 2025-26"]
[Site "Ste-Foy CAN"]
[Date "2025.09.22"]
[Round "2"]
[White "Lescarbeau, Martin"]
[Black "Wafer, Jacques"]
[Result "1-0"]
[ECO "B12"]
[WhiteElo "1741"]
[BlackElo "1322"]
[WhiteFideId "-1"]
[WhiteFideId "-1"]
[PlyCount "37"]
[GameId "2226051956055423"]
[EventDate "2025.09.15"]
[EventType "swiss"]
[EventRounds "5"]
[EventCountry "CAN"]
[TimeControl "5400+30"]

1. e4 c6 2. d4 d5 3. e5 Bf5 4. h4 h6 5. g4 Bh7 6. e6 f6 7. Bd3 g6 8. h5 g5 9. f4 Qd6 10. f5 c5 11. dxc5 Qxc5 12. Nc3 Nc6 13. Nf3 Ne5 14. Bb5+ Nc6 15. Qxd5 Qxd5 16. Nxd5 Kd8 17. Be3 Ne5 18. Nxe5 fxe5 19. O-O-O 1-0

[Event "Ste-Foy 1 2025-26"]
[Site "Ste-Foy CAN"]
[Date "2025.09.29"]
[Round "3"]
[White "Page-Fortin, Mathieu"]
[Black "Andriantsolofonirina, Fabrice"]
[Result "1-0"]
[ECO "A01"]
[WhiteElo "1953"]
[BlackElo "1221"]
[WhiteFideId "-1"]
[WhiteFideId "-1"]
[PlyCount "83"]
[GameId "2228873182889091"]
[EventDate "2025.09.15"]
[EventType "swiss"]
[EventRounds "5"]
[EventCountry "CAN"]
[TimeControl "5400+30"]

1. b3 d6 2. Bb2 e5 3. e3 Nf6 4. c4 Nbd7 5. Nc3 c6 6. Rc1 a5 7. d4 e4 8. f3 d5 9. cxd5 cxd5 10. fxe4 dxe4 11. Qc2 Bb4 12. Nge2 O-O 13. a3 Bxc3+ 14. Nxc3 Re8 15. Bb5 Qc7 16. Qe2 Qd6 17. O-O Re7 18. Na4 Nb6 19. Nxb6 Qxb6 20. a4 Be6 21. Ba3 Rc7 22. Bc5 Rxc5 23. dxc5 Qc7 24. Bc4 Re8 25. Qf2 Nd5 26. Rfd1 Nb4 27. Qf4 Qc8 28. Bb5 Nc6 29. Bc4 Nb4 30. Qd6 Nd3 31. Bxd3 Rd8 32. Qb6 exd3 33. Qxa5 Bxb3 34. Rd2 Bc2 35. Rcxc2 h6 36. Rc3 Kh7 37. Rdxd3 Re8 38. Qb5 Re5 39. Rd7 Qe8 40. Qd3+ g6 41. Rxb7 Rg5 42. Qd7 1-0

[Event "Ste-Foy 1 2025-26"]
[Site "Ste-Foy CAN"]
[Date "2025.09.29"]
[Round "3"]
[White "Lamini, Cedric"]
[Black "Deschenes, Andre-Philippe"]
[Result "1-0"]
[ECO "E01"]
[WhiteElo "1614"]
[BlackElo "1194"]
[WhiteFideId "-1"]
[WhiteFideId "-1"]
[PlyCount "181"]
[GameId "2228873254388879"]
[EventDate "2025.09.15"]
[EventType "swiss"]
[EventRounds "5"]
[EventCountry "CAN"]
[TimeControl "5400+30"]

1. d4 e6 2. Nf3 d5 3. c4 Nf6 4. g3 c5 5. Bg2 cxd4 6. O-O Nc6 7. Qc2 Bc5 8. Nbd2 Nb4 9. Qb3 O-O 10. a3 Nc6 11. Qc2 b6 12. b4 Be7 13. b5 Na5 14. Nxd4 Qc7 15. N4b3 Nb7 16. Bb2 e5 17. Rac1 d4 18. Ne4 Rb8 19. f4 Ng4 20. Qd3 Ne3 21. Rf2 Nxg2 22. Kxg2 Nc5 23. Nbxc5 bxc5 24. fxe5 Bb7 25. Kg1 Qxe5 26. Nd2 Bg5 27. Rcf1 Be3 28. Bc1 Bxf2+ 29. Rxf2 Rbd8 30. Nb3 Rfe8 31. Bf4 Qe4 32. Qxe4 Rxe4 33. Nxc5 Re7 34. Nb3 Red7 35. c5 Rd5 36. a4 d3 37. e4 Rh5 38. c6 Ba8 39. Na5 g5 40. Be3 g4 41. Rd2 a6 42. Bb6 Rc8 43. Rxd3 axb5 44. Rd8+ Rxd8 45. Bxd8 Bxc6 46. Nxc6 bxa4 47. Bf6 a3 48. Ne7+ Kf8 49. Nf5 Ke8 50. Ng7+ Kd7 51. Nxh5 Kc6 52. Kf2 Kc5 53. Be7+ Kd4 54. Bxa3 Kxe4 55. Nf6+ Kf5 56. Nxh7 Kg6 57. Nf8+ Kf6 58. Ke3 Ke5 59. Bb2+ Kf5 60. Nd7 Kg6 61. Kf4 Kh5 62. Nf6+ Kg6 63. Nxg4 Kh5 64. Nf6+ Kg6 65. h4 Kg7 66. h5 Kh6 67. g4 Kg7 68. g5 Kh8 69. Ng8+ Kh7 70. Nf6+ Kh8 71. Ng4+ Kh7 72. Bc1 Kg8 73. Kf5 Kh7 74. g6+ fxg6+ 75. hxg6+ Kh8 76. Bb2+ Kg8 77. Nh6+ Kf8 78. g7+ Ke7 79. g8=Q Kd6 80. Qe6+ Kc7 81. Be5+ Kb7 82. Qd7+ Kb6 83. Bd4+ Ka6 84. Qa7+ Kb5 85. Qb6+ Kc4 86. Qc5+ Kd3 87. Qc3+ Ke2 88. Qe3+ Kd1 89. Qf2 Kc1 90. Bc3 Kd1 91. Qd2# 1-0

[Event "Ste-Foy 1 2025-26"]
[Site "Ste-Foy CAN"]
[Date "2025.09.29"]
[Round "3"]
[White "Couture, Francois"]
[Black "Houde, Louis-Thomas"]
[Result "1-0"]
[ECO "D11"]
[WhiteElo "1150"]
[BlackElo "1493"]
[WhiteFideId "-1"]
[WhiteFideId "-1"]
[PlyCount "149"]
[GameId "2228873344656539"]
[EventDate "2025.09.15"]
[EventType "swiss"]
[EventRounds "5"]
[EventCountry "CAN"]
[TimeControl "5400+30"]

1. d4 c6 2. c4 d5 3. Nf3 Nf6 4. Nc3 Bg4 5. e3 Nbd7 6. Bd3 e5 7. dxe5 Nxe5 8. Be2 Nxc4 9. Bxc4 dxc4 10. Qxd8+ Rxd8 11. Ne5 Be6 12. O-O Bd6 13. f4 O-O 14. Rd1 Bxe5 15. Rxd8 Rxd8 16. fxe5 Ng4 17. e4 Nxe5 18. Bf4 Ng6 19. Be3 a5 20. Bb6 Ra8 21. Na4 Ra6 22. Rd1 h6 23. Rd8+ Kh7 24. Rb8 Ne5 25. Rxb7 Nd3 26. Bd4 Nc1 27. Nc5 Ra8 28. Nxe6 Kg8 29. Nf4 g5 30. Be3 Nxa2 31. Ne2 Re8 32. Nc3 Nxc3 33. bxc3 Ra8 34. Bc5 a4 35. Ba3 Ra6 36. Rb4 Kg7 37. Rxc4 Kf6 38. Rc5 Ke6 39. g4 f6 40. Kg2 Kf7 41. Kf3 Ke6 42. Ke3 Kd7 43. Kd4 Ra8 44. Rf5 Ke6 45. c4 Rd8+ 46. Kc3 Rb8 47. Bb4 Ra8 48. Rc5 Ra6 49. Kb2 Kf7 50. Ka3 Kg6 51. Bc3 h5 52. gxh5+ Kxh5 53. Bxf6 Ra8 54. Rxg5+ Kh6 55. Rc5 Rg8 56. Rxc6 Kh5 57. e5 Rg1 58. Kxa4 Re1 59. e6 Kg6 60. e7 Kf7 61. h4 Ra1+ 62. Kb3 Ra8 63. h5 Rb8+ 64. Kc3 Re8 65. Kd4 Kg8 66. Rd6 Kf7 67. Rd8 Kxf6 68. Rxe8 Kf7 69. Rd8 Kxe7 70. Rd5 Kf7 71. c5 Kg7 72. c6 Kh6 73. c7 Kh7 74. c8=Q Kh6 75. Qe6+ 1-0

[Event "Ste-Foy 1 2025-26"]
[Site "Ste-Foy CAN"]
[Date "2025.09.29"]
[Round "3"]
[White "Blais, Pierre-Luc"]
[Black "Boudreault, Alexandre"]
[Result "0-1"]
[ECO "D58"]
[WhiteElo "1446"]
[BlackElo "1074"]
[WhiteFideId "-1"]
[WhiteFideId "-1"]
[PlyCount "78"]
[GameId "2228873414739111"]
[EventDate "2025.09.15"]
[EventType "swiss"]
[EventRounds "5"]
[EventCountry "CAN"]
[TimeControl "5400+30"]

1. d4 d5 2. c4 e6 3. Nf3 Nf6 4. Nc3 Be7 5. Bg5 h6 6. Bh4 O-O 7. e3 b6 8. Bd3 dxc4 9. Bxc4 Bb7 10. O-O Nbd7 11. Rc1 Rc8 12. h3 Ne4 13. Bxe7 Qxe7 14. Bd3 Nef6 15. Nb5 Ra8 16. Rxc7 Rfb8 17. Ne5 a6 18. Nc3 Qd6 19. Rc4 b5 20. Nxb5 axb5 21. Rc3 Nxe5 22. dxe5 Qxe5 23. a3 Rd8 24. Qb3 Rdb8 25. Rfc1 Qd5 26. f3 Qxb3 27. Rxb3 Rc8 28. Rd1 Rd8 29. Rc1 Ba6 30. Rc6 Rdc8 31. Rb6 Nd5 32. Rd6 Kf8 33. Bxb5 Bxb5 34. Rxb5 Rcb8 35. Rc5 Rc8 36. Rb5 Rc7 37. e4 Ke7 38. Rdxd5 exd5 39. Rxd5 Rb8 0-1

[Event "Ste-Foy 1 2025-26"]
[Site "Ste-Foy CAN"]
[Date "2025.09.29"]
[Round "3"]
[White "Caron-Ouellette, Charles"]
[Black "Lebel, Michel"]
[Result "1-0"]
[ECO "C00"]
[WhiteElo "1380"]
[BlackElo "1064"]
[WhiteFideId "-1"]
[WhiteFideId "-1"]
[PlyCount "29"]
[GameId "2228873502065843"]
[EventDate "2025.09.15"]
[EventType "swiss"]
[EventRounds "5"]
[EventCountry "CAN"]
[TimeControl "5400+30"]

1. e4 e6 2. Nf3 d5 3. Nc3 Bb4 4. a3 Bxc3 5. dxc3 Nc6 6. e5 Nge7 7. Bd3 O-O 8. Bxh7+ Kxh7 9. Ng5+ Kg8 10. Qh5 Re8 11. Qh7+ Kf8 12. Qh8+ Ng8 13. Nh7+ Ke7 14. Bg5+ f6 15. Qxg7# 1-0

[Event "Ste-Foy 1 2025-26"]
[Site "Ste-Foy CAN"]
[Date "2025.09.29"]
[Round "3"]
[White "Dionne, Frederick"]
[Black "Taran, Maksim"]
[Result "1-0"]
[ECO "C00"]
[WhiteElo "1353"]
[BlackElo "989"]
[WhiteFideId "-1"]
[WhiteFideId "-1"]
[PlyCount "115"]
[GameId "2228873573463231"]
[EventDate "2025.09.15"]
[EventType "swiss"]
[EventRounds "5"]
[EventCountry "CAN"]
[TimeControl "5400+30"]

1. e4 e6 2. b3 d5 3. Bb2 Ne7 4. d4 Ng6 5. Nc3 Bb4 6. Qe2 Nc6 7. O-O-O Qe7 8. exd5 exd5 9. Nxd5 Qxe2 10. Bxe2 Bd6 11. c4 Nge7 12. Nxe7 Bxe7 13. Bf3 Bf5 14. Bxc6+ bxc6 15. Re1 Be6 16. Nf3 O-O 17. d5 Bb4 18. Re4 Bd7 19. Ne5 Rfe8 20. a3 Bd6 21. Rhe1 Bf5 22. Rf4 g6 23. g4 Bxg4 24. Rxg4 f6 25. Nf3 f5 26. Rxe8+ Rxe8 27. Rd4 Bc5 28. Rd2 Bd6 29. dxc6 Bf4 30. Nd4 Bxd2+ 31. Kxd2 Rd8 32. Ke3 Re8+ 33. Kf3 a6 34. b4 Kf7 35. Kf4 h6 36. f3 Kf6 37. Nb5+ Kf7 38. Nxc7 Rc8 39. Be5 Ke7 40. b5 axb5 41. cxb5 h5 42. b6 Kf7 43. b7 Rb8 44. Nb5 Re8 45. b8=Q Rxb8 46. Bxb8 Kf6 47. c7 g5+ 48. Kg3 h4+ 49. Kg2 g4 50. c8=Q h3+ 51. Kg3 Kg5 52. f4+ Kg6 53. Qe6+ Kh5 54. Qxf5+ Kh6 55. Qg5+ Kh7 56. f5 Kh8 57. Be5+ Kh7 58. Qg6# 1-0

[Event "Ste-Foy 1 2025-26"]
[Site "Ste-Foy CAN"]
[Date "2025.10.06"]
[Round "4"]
[White "Boudreault, Alexandre"]
[Black "Caron-Ouellette, Charles"]
[Result "1-0"]
[ECO "B01"]
[WhiteElo "1074"]
[BlackElo "1380"]
[WhiteFideId "-1"]
[WhiteFideId "-1"]
[PlyCount "107"]
[GameId "2231013800394749"]
[EventDate "2025.09.15"]
[EventType "swiss"]
[EventRounds "5"]
[EventCountry "CAN"]
[TimeControl "5400+30"]

1. e4 d5 2. exd5 Qxd5 3. Nc3 Qa5 4. d4 c6 5. Nf3 Bg4 6. Be2 Nf6 7. O-O e6 8. Bd2 Qc7 9. h3 Bh5 10. Ne5 Bxe2 11. Qxe2 Bd6 12. Rfe1 Nbd7 13. Rad1 O-O 14. a3 Nb6 15. Bg5 Nfd5 16. Bd2 Nxc3 17. Bxc3 Nd5 18. Bd2 Qb6 19. Nd7 Qxb2 20. Nxf8 Rxf8 21. c4 Nf6 22. Bb4 Qxe2 23. Rxe2 Bxb4 24. axb4 Rd8 25. f3 h6 26. Kf2 b6 27. Red2 g5 28. Kg3 Kg7 29. Kf2 Kg6 30. g4 Kg7 31. Ke3 Kf8 32. Ra1 Rd7 33. Rda2 Ke8 34. Rxa7 Rxa7 35. Rxa7 Nd7 36. Ke4 h5 37. b5 c5 38. Ke3 hxg4 39. fxg4 f5 40. gxf5 cxd4+ 41. Kxd4 exf5 42. Kd5 f4 43. Ke6 Nc5+ 44. Kf5 f3 45. Ra1 Nb3 46. Rf1 Nd2 47. Rf2 Nxc4 48. Kxg5 Nd6 49. Rxf3 Nxb5 50. Rf6 Nc7 51. Rxb6 Nd5 52. Rb7 Kf8 53. h4 Ne7 54. Kf6 1-0

[Event "Ste-Foy 1 2025-26"]
[Site "Ste-Foy CAN"]
[Date "2025.10.06"]
[Round "4"]
[White "Fillion, Jean-Yves"]
[Black "Breton, Sylvain"]
[Result "0-1"]
[ECO "B13"]
[WhiteElo "1371"]
[BlackElo "1229"]
[WhiteFideId "-1"]
[WhiteFideId "-1"]
[PlyCount "84"]
[GameId "2231014051094561"]
[EventDate "2025.09.15"]
[EventType "swiss"]
[EventRounds "5"]
[EventCountry "CAN"]
[TimeControl "5400+30"]

1. d4 c5 2. e3 cxd4 3. exd4 d5 4. Nf3 a6 5. g3 Bg4 6. Bg2 e6 7. Nc3 Nc6 8. Be3 Bb4 9. O-O Qf6 10. a3 Ba5 11. Na4 e5 12. c3 e4 13. Bg5 Qf5 14. Re1 Bxf3 15. Bxf3 Qxg5 16. b4 Bc7 17. Nc5 b6 18. Nb3 Nge7 19. Bg2 O-O 20. h4 Qg6 21. Bh3 Bxg3 22. Qg4 Qxg4 23. Bxg4 Bxh4 24. Re3 f5 25. Bh3 f4 26. Be6+ Kh8 27. Rh3 Ng6 28. Bxd5 Rf6 29. Bxe4 Re8 30. f3 Nce7 31. d5 Nf5 32. Rd1 Nd6 33. Nd2 b5 34. Kh1 Nxe4 35. Nxe4 Rf5 36. d6 Rd8 37. Nc5 Bf6 38. d7 Ne5 39. Kg2 Be7 40. Rd5 Rg5+ 41. Kf2 Bxc5+ 42. Rxc5 Nd3+ 0-1

[Event "Ste-Foy 1 2025-26"]
[Site "Ste-Foy CAN"]
[Date "2025.10.06"]
[Round "4"]
[White "Naderi, Pooya"]
[Black "Dessureault, Sylvain"]
[Result "0-1"]
[ECO "A48"]
[WhiteElo "1334"]
[BlackElo "1114"]
[WhiteFideId "-1"]
[WhiteFideId "-1"]
[PlyCount "44"]
[GameId "2231014128508973"]
[EventDate "2025.09.15"]
[EventType "swiss"]
[EventRounds "5"]
[EventCountry "CAN"]
[TimeControl "5400+30"]

1. d4 g6 2. Nf3 Bg7 3. Bf4 d6 4. e3 Nf6 5. Nbd2 O-O 6. Bd3 Bg4 7. h3 Bxf3 8. Qxf3 Qc8 9. Ne4 Nbd7 10. g4 Ne8 11. Qg3 c5 12. c3 c4 13. Bc2 Qc6 14. g5 e5 15. dxe5 dxe5 16. Bxe5 Nxe5 17. O-O-O Nd3+ 18. Bxd3 cxd3 19. Rxd3 Qxe4 20. Rdd1 Rc8 21. h4 Bxc3 22. bxc3 Rxc3+ 0-1

[Event "Ste-Foy 1 2025-26"]
[Site "Ste-Foy CAN"]
[Date "2025.10.06"]
[Round "4"]
[White "Deschenes, Andre-Philippe"]
[Black "Wafer, Jacques"]
[Result "1-0"]
[ECO "D05"]
[WhiteElo "1194"]
[BlackElo "1322"]
[WhiteFideId "-1"]
[WhiteFideId "-1"]
[PlyCount "39"]
[GameId "2231014196539449"]
[EventDate "2025.09.15"]
[EventType "swiss"]
[EventRounds "5"]
[EventCountry "CAN"]
[TimeControl "5400+30"]

1. d4 Nf6 2. Nf3 e6 3. e3 d5 4. Bd3 c5 5. b3 Nc6 6. a3 Bd6 7. Bb2 O-O 8. Ne5 Qb6 9. Nxc6 Qxc6 10. Nd2 Re8 11. Nf3 Qc7 12. O-O c4 13. bxc4 dxc4 14. Be2 c3 15. Bc1 b6 16. Bd3 Bb7 17. Re1 Bxf3 18. Qxf3 e5 19. Bb5 Re7 20. Qxa8+ 1-0

[Event "Ste-Foy 1 2025-26"]
[Site "Ste-Foy CAN"]
[Date "2025.10.06"]
[Round "4"]
[White "Lebel, Michel"]
[Black "Aguilar Balzano, Sébastian"]
[Result "0-1"]
[ECO "C02"]
[WhiteElo "1064"]
[BlackElo "1296"]
[WhiteFideId "-1"]
[WhiteFideId "-1"]
[PlyCount "126"]
[GameId "2231014274502725"]
[EventDate "2025.09.15"]
[EventType "swiss"]
[EventRounds "5"]
[EventCountry "CAN"]
[TimeControl "5400+30"]

1. e4 e6 2. Nf3 d5 3. d4 c5 4. e5 Nc6 5. Bb5 Bd7 6. O-O Qb6 7. a4 a6 8. Bxc6 Bxc6 9. b3 Ne7 10. Be3 Nf5 11. Re1 Be7 12. Bg5 Bxg5 13. dxc5 Qxc5 14. Nxg5 d4 15. Nd2 h6 16. Nge4 Qxe5 17. Nf3 Qc7 18. Nc5 Bxf3 19. Qxf3 Qxc5 20. Qxb7 O-O 21. Rac1 Qd5 22. Qb4 Nh4 23. f3 Rfe8 24. Re4 Nf5 25. Rce1 Ne3 26. Qd2 Nf5 27. Re5 Qc6 28. R1e4 f6 29. Ra5 Rac8 30. g4 Ne3 31. Rxd4 Qxf3 32. Qf2 Qxf2+ 33. Kxf2 Nxc2 34. Re4 e5 35. Rxa6 Rb8 36. Rc4 Nb4 37. Ra7 Nd3+ 38. Ke2 Rxb3 39. Rcc7 Nf4+ 40. Kd2 Ne6 41. Re7 Rxe7 42. Rxe7 Nd4 43. a5 Nc6 44. Re8+ Kh7 45. Ra8 Kg6 46. a6 Ra3 47. Ke2 Nb4 48. a7 Nc6 49. Kf2 Rxa7 50. Rxa7 Nxa7 51. h3 Nc6 52. Ke3 Ne7 53. Ke4 f5+ 54. gxf5+ Nxf5 55. Kxe5 Kg5 56. Ke4 Ng3+ 57. Kf3 Kh4 58. Kg2 g5 59. Kh2 Nf1+ 60. Kg2 h5 61. Kxf1 Kxh3 62. Kf2 Kh2 63. Kf3 g4+ 0-1